Map: Cyber Forest LE

Players

Kelazhur - Winner!

  • Race: Terran Terran
  • League: Diamond
  • Spawn Location: 5:00

Vindicta

  • Race: Terran Terran
  • League: Grandmaster
  • Spawn Location: 11:00

Event: 2019 WCS Winter Americas

VOD

Have the link to the VOD?

Description

Time

  • Played on: Feb. 2, 2019, 1:29 p.m.
  • Length: 16:58

All games in this series

Show
View Real Time Build Order
Export as new Build Order

Kelazhur Terran - Winner!

Build Orders: 1/1/1, Banshee Rush 

Get SALT Encoding   

  12  0:00  SCV  
  13  0:12  SCV  
  14  0:17  Supply Depot  
  14  0:25  SCV  
  15  0:29  Refinery  
  15  0:38  SCV  
  16  0:44  Barracks  
  16  0:50  SCV  
  16  0:54  Refinery  
  17  1:02  SCV  
  18  1:15  SCV  
  19  1:30  Orbital Command  
  19  1:32  Factory  
  19  1:36  Reaper  
  20  1:44  Supply Depot  
  20  1:56  SCV  
  21  2:08  SCV, Reaper  
  23  2:16  Hellion  
  23  2:20  Starport  
  23  2:21  SCV  
  26  2:33  SCV  
  26  2:35  Supply Depot  
  27  2:41  Barracks Tech Lab, Factory Tech Lab  
  27  2:45  SCV  
  28  2:57  SCV  
  29  3:03  Hellion  
  31  3:08  Banshee, Cloaking Field  
  34  3:15  Marine  
  35  3:22  SCV  
  35  3:24  Cyclone  
  39  3:34  Command Center  
  39  3:38  Supply Depot  
  39  3:51  Barracks Reactor  
  39  4:00  SCV  
  44  4:03  Banshee  
  44  4:04  Cyclone  
  44  4:06  Supply Depot  
  46  4:12  SCV  
  47  4:27  SCV  
  48  4:36  Marine x2  
  48  4:37  Siege Tank  
  53  4:48  Orbital Command  
  53  4:50  SCV  
  54  5:07  SCV  
  54  5:08  Refinery  
  54  5:12  Siege Tank  
  58  5:16  Viking x2  
  58  5:17  SCV  
  58  5:19  SCV  
  61  5:29  Supply Depot  
  61  5:30  SCV  
  61  5:31  SCV  
  59  5:39  Marine  
  59  5:42  SCV  
  58  5:43  SCV  
  58  5:44  Siege Tank  
  58  5:49  Viking  
  64  5:54  SCV, Viking  
  64  5:56  SCV, Command Center  
  68  6:03  Supply Depot  
  68  6:06  SCV  
  67  6:12  SCV  
  67  6:18  SCV  
  69  6:24  SCV, Siege Tank  
  69  6:25  Viking  
  66  6:30  Viking, SCV  
  69  6:33  Marine  
  69  6:36  SCV  
  69  6:38  Refinery  
  69  6:43  SCV  
  69  6:45  Barracks  
  69  6:46  Barracks  
  70  6:49  Stimpack  
  70  6:51  SCV  
  71  6:55  SCV  
  71  6:56  Engineering Bay x2  
  72  7:03  SCV, Marine  
  74  7:09  Orbital Command  
  74  7:10  Starport Reactor  
  74  7:14  SCV  
  74  7:15  SCV  
  76  7:22  Barracks  
  76  7:23  Siege Tank  
  76  7:24  Barracks  
  76  7:29  SCV x2  
  81  7:30  Terran Infantry Weapons Level 1  
  81  7:33  Terran Infantry Armor Level 1  
  81  7:37  Orbital Command  
  81  7:42  Supply Depot  
  81  7:45  SCV x2  
  83  7:57  SCV x2, Marine  
  83  7:58  Supply Depot, Marine x2  
  88  8:05  Siege Tank  
  90  8:06  Starport Reactor  
  90  8:09  SCV x2  
  92  8:14  Barracks Reactor  
  92  8:15  Marine, Barracks Reactor  
  88  8:21  SCV x2, Marine x2  
  85  8:32  SCV  
  86  8:37  Siege Tank  
  86  8:40  SCV x2  
  91  8:44  Armory  
  91  8:46  Marine x3  
  91  8:47  Refinery  
  94  8:49  SCV  
  94  8:50  Medivac  
  94  8:51  Medivac  
  94  8:53  SCV  
  94  8:54  SCV  
  101  8:57  Marine x3  
  101  8:59  Combat Shield  
  101  9:01  SCV  
  105  9:05  Marine x5  
  105  9:06  Marine  
  105  9:08  SCV x2  
  113  9:13  SCV  
  114  9:19  Marine  
  115  9:24  Supply Depot  
  115  9:25  Supply Depot, Marine x2  
  115  9:28  Supply Depot  
  115  9:29  Supply Depot  
  117  9:34  Refinery  
  117  9:46  SCV x2, Marine x6  
  117  9:47  SCV, Siege Tank, Marine x3  
  117  9:48  Terran Infantry Weapons Level 2  
  117  9:49  Terran Infantry Armor Level 2  
  132  9:59  Factory  
  131  10:03  Marine x2  
  131  10:04  Marine x2  
  135  10:20  Medivac x2  
  136  10:23  Siege Tank  
  136  10:28  Marine x9  
  127  10:44  Barracks  
  127  10:45  Factory Tech Lab, Barracks  
  127  10:46  Liberator, Marine x4  
  127  10:47  Liberator  
  127  10:49  Barracks  
  131  10:51  Marine x5  
  131  10:52  Command Center  
  131  10:55  Siege Tank  
  143  10:57  Terran Vehicle Weapons Level 1  
  143  11:03  Marine, Supply Depot  
  143  11:04  Marine x3  
  149  11:13  Supply Depot  
  149  11:15  Supply Depot  
  149  11:18  Marine  
  149  11:24  Siege Tank, Marine x5  
  149  11:25  Supply Depot  
  157  11:27  Supply Depot  
  154  11:40  Marine x4  
  154  11:42  Marine x3  
  154  11:43  Siege Tank  
  164  11:48  Marine x2  
  166  11:57  Siege Tank  
  166  11:58  Supply Depot, Marine  
  170  12:05  Terran Infantry Weapons Level 3  
  170  12:06  Terran Infantry Armor Level 3  
  169  12:18  Marine x4  
  169  12:19  Siege Tank  
  176  12:29  Siege Tank, Marine x5  
  184  12:31  Planetary Fortress  
  184  12:36  Marine x2  
  185  12:51  Siege Tank, Marine  
  183  12:53  Marine  
  183  12:55  SCV x3  
  182  13:04  Marine  
  181  13:07  SCV  
  181  13:08  SCV x2, Marine  
  181  13:09  Marine  
  186  13:15  Siege Tank, Marine  
  186  13:16  Marine  
  186  13:19  SCV  
  175  13:30  Medivac x2  
  175  13:31  Siege Tank, Marine x7  
  175  13:33  Marine  
  175  13:34  Marine  
  168  13:49  Marine x7  
  168  13:51  Marine  
  168  13:52  Marine  
  159  13:58  Siege Tank  
  141  14:06  Liberator x2  
  141  14:07  Marine x5  
  135  14:10  Command Center  
  135  14:16  Siege Tank  
  141  14:30  Siege Tank, Marine  
  142  14:31  Marine  
  142  14:35  Marine  
  144  14:40  Marine  
  145  14:48  Siege Tank  
  145  14:49  Marine  
  145  14:50  Marine  
  150  14:59  Marine  
  151  15:06  SCV, Medivac x2, Marine  
  151  15:07  Marine  
  157  15:14  Command Center  
  158  15:15  Marine x6  
  158  15:19  Marine  
  165  15:21  Barracks Reactor  
  165  15:24  Marine x2  
  167  15:32  Marine  
  164  15:40  Viking x2  
  162  15:50  Siege Tank  
  162  15:56  Marine  
  159  15:59  Marine  
  159  16:00  Marine  
  149  16:05  SCV  
  149  16:06  Marine  
  149  16:10  Viking x2, Orbital Command  
  155  16:12  Marine  
  155  16:17  SCV  
  154  16:24  Marine  
  151  16:29  SCV  
Show
View Real Time Build Order
Export as new Build Order

Vindicta Terran 

Build Orders:  

Get SALT Encoding   

  12  0:00  SCV  
  13  0:12  SCV  
  14  0:18  Supply Depot  
  14  0:25  SCV  
  15  0:28  Refinery  
  15  0:39  SCV  
  16  0:45  Barracks  
  16  0:51  SCV  
  16  0:55  Refinery  
  17  1:03  SCV  
  18  1:16  SCV  
  19  1:32  Reaper, Orbital Command  
  20  1:36  Factory  
  20  1:46  Supply Depot  
  20  1:58  SCV  
  21  2:04  Reaper  
  22  2:10  SCV  
  23  2:20  Hellion  
  23  2:22  SCV  
  26  2:32  Command Center  
  26  2:35  SCV  
  27  2:37  Reaper  
  27  2:43  Hellion  
  30  2:49  Supply Depot  
  30  2:50  SCV  
  31  3:00  Starport  
  31  3:07  SCV  
  31  3:10  Factory Tech Lab  
  31  3:19  SCV  
  32  3:22  Barracks Reactor  
  32  3:29  Cyclone  
  32  3:33  SCV  
  36  3:36  Viking  
  38  3:44  Orbital Command  
  38  3:45  SCV  
  39  3:57  SCV  
  39  3:58  Marine x2  
  45  4:09  SCV  
  43  4:11  SCV  
  43  4:13  Raven  
  43  4:15  Factory Tech Lab  
  46  4:18  Marine, Supply Depot  
  46  4:19  Marine  
  46  4:21  SCV  
  46  4:23  SCV  
  50  4:26  Refinery  
  50  4:29  Engineering Bay  
  50  4:33  SCV  
  50  4:35  SCV  
  48  4:45  SCV, Cyclone  
  48  4:47  SCV  
  50  4:58  SCV  
  50  4:59  SCV  
  52  5:07  Missile Turret  
  52  5:10  SCV  
  52  5:11  SCV, Raven  
  56  5:15  Marine  
  56  5:17  Marine  
  58  5:22  SCV  
  58  5:25  SCV  
  59  5:33  Marine  
  59  5:34  SCV  
  58  5:36  Terran Infantry Weapons Level 1  
  58  5:37  SCV  
  58  5:41  Siege Tank  
  62  5:53  Supply Depot  
  62  5:54  Supply Depot  
  62  6:04  Stimpack  
  62  6:05  SCV x2  
  61  6:14  Viking, Siege Tank  
  61  6:18  SCV  
  67  6:24  SCV  
  64  6:30  SCV  
  64  6:32  Command Center, Liberator  
  63  6:34  Refinery  
  65  6:42  SCV  
  65  6:47  Liberator, Siege Tank  
  71  6:53  SCV  
  71  6:55  Barracks  
  71  6:56  SCV, Barracks  
  71  6:59  Supply Depot  
  72  7:02  Marine  
  72  7:05  SCV  
  77  7:09  SCV  
  78  7:20  SCV  
  78  7:21  SCV, Siege Tank  
  78  7:22  Supply Depot  
  83  7:37  Terran Infantry Armor Level 1  
  83  7:39  SCV  
  83  7:41  SCV, Supply Depot  
  83  7:42  Barracks  
  83  7:43  Barracks  
  83  7:44  Orbital Command  
  85  7:45  Barracks Reactor, Supply Depot  
  85  7:50  Barracks Reactor  
  85  7:52  Medivac  
  85  7:53  Medivac  
  85  7:56  Marine  
  90  8:01  SCV  
  90  8:03  Orbital Command  
  90  8:04  Siege Tank  
  94  8:10  SCV  
  94  8:11  Supply Depot  
  94  8:12  Combat Shield  
  94  8:14  Marine  
  94  8:19  SCV  
  96  8:22  SCV  
  94  8:27  Marine  
  94  8:28  Marine x2  
  94  8:29  Medivac  
  94  8:30  Medivac  
  94  8:31  SCV  
  99  8:35  SCV x2  
  99  8:36  Barracks Reactor  
  99  8:39  Barracks Reactor  
  99  8:40  Marine  
  103  8:44  SCV  
  103  8:45  Marine  
  103  8:46  Refinery, Supply Depot  
  103  8:47  SCV x2  
  107  8:49  Marine  
  107  8:50  Marine, Refinery  
  107  8:53  Siege Tank  
  111  8:56  SCV  
  111  8:59  SCV x2  
  111  9:00  Marine  
  111  9:02  Sensor Tower  
  116  9:03  Marine  
  116  9:07  Marine  
  116  9:08  SCV, Marine  
  119  9:10  Sensor Tower  
  119  9:12  Marine x2  
  119  9:13  Marine  
  122  9:17  Marine  
  122  9:18  Marine  
  122  9:19  Engineering Bay, Marine  
  122  9:20  Armory, SCV  
  122  9:21  Marine  
  127  9:24  Marine  
  127  9:26  Factory, Marine  
  127  9:30  Siege Tank  
  132  9:31  Marine x2  
  132  9:38  Marine  
  134  9:39  Marine  
  134  9:41  Marine  
  134  9:42  Missile Turret, Marine  
  134  9:43  Marine x2  
  134  9:44  Missile Turret x2  
  134  9:45  Marine  
  140  9:49  Marine  
  141  10:01  Marine x2  
  141  10:02  Marine  
  141  10:07  Supply Depot x2  
  141  10:15  SCV  
  141  10:20  Siege Tank  
  136  10:25  Marine  
  136  10:27  Marine  
  110  10:30  Liberator x2  
  110  10:33  Terran Infantry Weapons Level 2, Terran Infantry Armor Level 2  
  110  10:34  Terran Vehicle Weapons Level 1  
  104  10:36  Factory Tech Lab  
  104  10:43  Marine  
  104  10:45  Marine  
  112  10:50  Marine  
  112  10:51  Marine x2  
  112  10:52  Siege Tank  
  112  10:53  Marine  
  112  10:55  Command Center  
  112  10:56  Siege Tank  
  122  10:57  Marine  
  122  10:58  Marine  
  124  11:05  Marine x2  
  124  11:08  Marine  
  124  11:09  Marine  
  128  11:13  Liberator  
  128  11:15  Marine  
  128  11:21  Command Center, Marine  
  128  11:22  Marine  
  128  11:24  Siege Tank  
  133  11:25  Marine  
  133  11:30  Viking  
  132  11:34  Marine x2  
  132  11:35  Marine  
  132  11:37  Marine x2  
  132  11:38  Marine  
  139  11:40  Marine  
  139  11:45  Marine  
  141  11:52  Marine  
  141  11:53  Marine  
  142  11:54  Supply Depot  
  142  11:55  Marine x4  
  142  11:56  Siege Tank, Marine  
  142  11:57  Supply Depot  
  142  11:58  Siege Tank, Marine  
  142  11:59  Sensor Tower  
  151  12:03  Marine  
  152  12:10  Marine  
  152  12:11  Marine  
  152  12:12  Viking  
  152  12:13  Marine  
  157  12:15  Viking, Marine x4  
  157  12:19  Marine  
  157  12:21  Marine  
  160  12:30  Marine  
  160  12:33  SCV x2  
  160  12:36  SCV  
  161  12:38  Marine x2  
  161  12:42  Viking  
  162  12:45  SCV  
  162  12:47  Marine x2  
  162  12:48  Marine  
  162  12:49  Viking  
  168  12:53  Refinery  
  168  12:54  SCV  
  168  12:55  SCV, Marine x2  
  173  13:00  Marine  
  173  13:03  Supply Depot x2  
  167  13:06  Marine x3  
  167  13:12  Planetary Fortress  
  170  13:15  Viking  
  170  13:18  Marine  
  170  13:19  Viking  
  173  13:23  Siege Tank  
  173  13:24  Marine x2  
  175  13:29  Marine x2  
  166  13:35  Marine  
  166  13:36  Marine  
  156  13:45  Marine  
  156  13:46  SCV  
  140  13:52  Marine x2  
  140  13:53  Marine  
  140  13:54  Marine  
  126  13:57  SCV  
  126  13:58  Medivac x2  
  126  13:59  Marine  
  111  14:02  Marine  
  111  14:06  SCV  
  86  14:10  Marine x2  
  86  14:16  Marine x2  
  89  14:17  Marine  
  89  14:20  Marine  
  89  14:27  Liberator  
  89  14:28  Marine x2  
  89  14:29  SCV, Liberator  
  89  14:30  SCV  
  89  14:34  Marine  
  89  14:36  Marine  
  92  14:40  Marine  
  94  14:50  Marine  
  94  14:52  Marine  
  100  14:58  Marine  
  100  14:59  Marine x3  
  102  15:02  Marine  
  104  15:08  Marine  
  104  15:09  Marine  
  106  15:16  Marine  
  106  15:17  Marine  
  106  15:18  Barracks  
  109  15:23  Barracks  
  109  15:26  Medivac  
  109  15:27  Marine  
  109  15:28  Marine  
  112  15:29  Marine  
  112  15:30  Marine x2  
  112  15:33  Marine  
  112  15:35  Marine  
  117  15:36  Orbital Command  
  117  15:44  SCV  
  117  15:45  Marine x2  
  117  15:47  Marine  
  117  15:49  SCV  
  116  15:57  SCV  
  116  16:03  SCV  
  117  16:04  Marine  
  117  16:09  Marine  
  119  16:17  SCV  
  119  16:21  Marine x3  
  119  16:23  Marine  
  119  16:24  Marine  
  121  16:26  Marine  
  121  16:28  Marine  
Tags
 
Add a new tag
Caveats
  • Supply blocks, unpowered buildings, or Contaminate may cause inaccurate times.
  • Supply counts are checked every 10 seconds.